 Dungeon Crawl Stone Soup version 0.21.1-1-g345015fe64 (webtiles) character file.

24 Lentor the Slasher (level 2, -6/27 HPs)
             Began as a Minotaur Berserker on June 9, 2018.
             Was a Follower of Trog.
             Mangled by an orc warrior
             ... wielding a +0 hand axe
              (15 damage)
             ... on level 2 of the Dungeon.
             The game lasted 00:02:02 (867 turns).

Lentor the Slasher (Minotaur Berserker)              Turns: 867, Time: 00:02:03

Health: -6/27      AC:  8    Str: 21    XL:     2   Next: 79%
Magic:  1/1        EV:  8    Int:  4    God:    Trog [*.....]
Gold:   102        SH:  0    Dex:  9    Spells: 1/1 levels left

rFire    . . .     SeeInvis .   a - +0 falchion
rCold    . . .     Gourm    .   (no shield)
rNeg     . . .     Faith    .   h - +0 chain mail
rPois    .         Spirit   .   (helmet restricted)
rElec    .         Reflect  .   (no cloak)
rCorr    .         Harm     .   (no gloves)
MR       .....                  (no boots)
Stlth    ..........             (no amulet)
HPRegen  0.09/turn              (no ring)
MPRegen  0.07/turn              (no ring)

@: no status effects
A: retaliatory headbutt, horns 2
a: Berserk, Burn Spellbooks, Renounce Religion


You were on level 2 of the Dungeon.
You worshipped Trog.
Trog was aware of your devotion.
You were hungry.

You visited 1 branch of the dungeon, and saw 2 of its levels.

You collected 102 gold pieces.

Inventory:

Hand Weapons
 a - a +0 falchion (weapon)
Armour
 h - a +0 chain mail (worn)
Jewellery
 d - a cursed ring of teleportation {unknown}
Scrolls
 b - a scroll of identify {unknown}
 f - 2 scrolls of remove curse {unknown}
 i - a scroll of enchant armour {unknown}
 j - a scroll of noise {unknown}
 l - a scroll of random uselessness {unknown}
 m - a scroll of enchant weapon {unknown}
Potions
 e - 2 potions of lignification {unknown}
 g - 2 potions of curing {unknown}
 k - 2 potions of magic {unknown}
Comestibles
 c - 2 rations


   Skills:
 + Level 4.1 Fighting
 + Level 4.3 Long Blades
 + Level 2.6 Armour
 + Level 2.3 Dodging


You had one spell level left.
You didn't know any spells.

Dungeon Overview and Level Annotations

Branches:
Dungeon (2/15)

Altars:


Innate Abilities, Weirdness & Mutations

You reflexively headbutt those who attack you in melee.
You have a pair of horns on your head.


Message History

Trog accepts your kill.
An orc wizard comes into view. It is wielding a dagger.
An orc and an orc warrior come into view.
The orc warrior shouts!
The orc shouts!
The orc wizard shouts!
You see here a hand axe.
You hit the orc warrior but do no damage.
The orc warrior hits you with a hand axe!
Ouch! That really hurt!
You are too injured to fight recklessly!
You are too injured to fight recklessly!
You are too injured to fight recklessly!
You barely miss the orc wizard. The orc wizard casts a spell at you.
The magic dart hits you!
The orc warrior hits you but does no damage.
You barely miss the orc wizard. The orc closely misses you.
The orc wizard hits you but does no damage.
The orc warrior hits you with a hand axe!
Ouch! That really hurt!
You die...

#.###......#..#....# ..
..##..####.#............
.....#####.#....# .....
..##............###.....
............#>....r....#
..##..####.##......%...#
.....## #.###.........#
...### #.# #.........#
##..# #.# ###@o....# #.#
#.##..oo....... ## ..#
#. #...!.....## .# #..#
#.........# .# #.#
#####......# .# ..
###...# .# ...# ## ..#


You could see an orc warrior, an orc wizard, an orc and a rat.

Vanquished Creatures
  A worm (D:2)
  A dart slug (D:1)
  An orc (D:2)
  2 bats
  4 jackals (D:2)
  A ball python (D:1)
  A frilled lizard (D:2)
  2 kobolds (D:1)
  7 rats
20 creatures vanquished.

Notes
Turn   | Place    | Note
-------+----------+-------------------------------------------
     0 | D:1      | Lentor the Minotaur Berserker began the quest for the Orb.
     0 | D:1      | Reached XP level 1. HP: 19/19 MP: 0/0
   319 | D:1      | Reached XP level 2. HP: 27/27 MP: 1/1
   864 | D:2      | Noticed an orc warrior
   867 | D:2      | Mangled by an orc warrior

Skill      XL: |  1  2 |
---------------+-------+-----
Fighting       | 4 |  4.1
Long Blades    | 4 |  4.3
Armour         | |  2.6
Dodging        | |  2.3

Action                   || total
-------------------------++-------
Melee: Falchion          ||    36
       Headbutt          ||     4
Invok: Berserk           ||     1
Armor: Ring mail         ||     4
       Chain mail        ||    19
Dodge: Dodged            ||    17
       Rpst.: Falchion   ||     6
